 Dungeon Crawl Stone Soup version 0.27.0-1-g7a089689b8 (webtiles) character file.

Game seed: 8744175532908874759

58 SnakkuSnakku7 the Vandal (level 4, 0/28 HPs)
             Began as an Octopode Arcane Marksman on Aug 12, 2021.
             Frozen to death by an endoplasm (5 damage)
             ... in a sewer.
             The game lasted 00:03:04 (1732 turns).

SnakkuSnakku7 the Vandal (Octopode Arcane Marksman) Turns: 1732, Time: 00:03:04

Health: 0/28       AC:  1    Str: 10    XL:     4   Next: 1%
Magic:  5/5        EV: 10    Int: 15    God:
Gold:   129        SH:  0    Dex: 12    Spells: 4/5 levels left

rFire    . . .     SeeInvis .   a - +0 hunting sling
rCold    . . .     Faith    .   (no shield)
rNeg     . . .     Spirit   .   (helmet restricted)
rPois    .         Reflect  .   (no amulet)
rElec    .         Harm     .   (no ring)
rCorr    .         Rampage  .   (no ring)
Will     .....                  (no ring)
Stlth    ++........             (no ring)
HPRegen  0.09/turn              (no ring)
MPRegen  0.09/turn              (no ring)
                                (no ring)
                                (no ring)

@: constricted
A: almost no armour, amphibious, 8 rings, camouflage 1, gelatinous body 1,
(nimble swimmer 1), tentacles
a: no special abilities


You were in a sewer.
You visited 1 branch of the dungeon, and saw 3 of its levels.
You also visited: Sewer.

You collected 129 gold pieces.

Inventory:

Hand Weapons
 a - a +0 hunting sling (weapon)
 b - a +1 dagger of draining
Missiles
 c - 50 sling bullets
 e - 53 stones (quivered ammo)
Scrolls
 d - a scroll of enchant weapon {unknown}
 h - a scroll of teleportation {unknown}
 i - a scroll of identify {unknown}
Potions
 f - a potion of mutation {unknown}
 g - a potion of cancellation {unknown}


   Skills:
 - Level 1.0 Fighting
 + Level 4.1 Slings
 - Level 2.0 Dodging
 - Level 1.0 Spellcasting
 - Level 3.0 Hexes


You had 4 spell levels left.
You knew the following spells:

 Your Spells              Type           Power      Damage    Failure   Level
a - Corona                Hex            10%        N/A       7%          1

Your spell library contained the following spells:

 Spells                   Type           Power      Damage    Failure   Level
 Slow                     Hex            9%         N/A       11%         2
 Ensorcelled Hibernation  Hex/Ice        10%        N/A       21%         2
 Inner Flame              Hex/Fire       5%         N/A       36%         3
 Portal Projectile        Hex/Tloc       10%        N/A       36%         3
 Cause Fear               Hex            4%         N/A       56%         4
 Spider Form              Tmut/Pois      0%         N/A       58%         3
 Shadow Creatures         Summ           N/A        N/A       100%        6


Dungeon Overview and Level Annotations

Branches:
Dungeon (3/15)              Sewer (1/1)

Altars:

Shops:
D:2 =


Innate Abilities, Weirdness & Mutations

You cannot wear most types of armour.
You are amphibious.
You can wear up to eight rings at the same time.
Your skin changes colour to match your surroundings (Stealth+).
Your rubbery body absorbs attacks. (AC +1, EV +1)
((You are camouflaged near water. (Stealth+)))
You have tentacles for arms and can constrict up to eight enemies at once.


Message History

The ball python misses you. The ball python closely misses you.
The quokka barely misses you. The ball python bites you.
The ball python misses you. The endoplasm barely misses you.
The frilled lizard barely misses you.
Unknown command.
Fire: 56 stones
Press: ? - help, Q - select action, (/) - cycle Shift-Dir - straight line, f/p - frilled lizard
Aim: a frilled lizard (40% to hit)
You shoot a stone. The stone hits the frilled lizard.
You kill the frilled lizard!
The quokka closely misses you. The ball python closely misses you.
The ball python barely misses you. The quokka barely misses you.
The endoplasm hits you.
Unknown command.
The endoplasm freezes you.
You are frozen.
You see here a stone.
You see here 4 stones.
Fire: 55 stones
Press: ? - help, Q - select action, (/) - cycle Shift-Dir - straight line, f - ball python
Aim: a ball python (55% to hit)
You shoot a stone.
The stone hits the ball python but does no damage.
The ball python closely misses you. The ball python grabs you.
The ball python constricts you. The quokka closely misses you.
The ball python bites you. The ball python constricts you.
Unknown command.
Fire: 54 stones
Press: ? - help, Q - select action, (/) - cycle Shift-Dir - straight line, f/p - ball python
Aim: a ball python (constricting you, 55% to hit)
You shoot a stone. The stone hits the ball python.
The ball python is moderately wounded.
The quokka bites you.
* * * LOW HITPOINT WARNING * * *
The ball python bites you.
* * * LOW HITPOINT WARNING * * *
x2 The ball python constricts you.
The endoplasm freezes you.
You are frozen.
You die...

##### #
##...##
###.##.....##
.≈........J.#
≈≈....w∩..S@#
≈.####....r.#
###.∩### ####


You could see a worm, an endoplasm, a quokka and a ball python.

Vanquished Creatures
  An adder (D:3)
  2 worms
  A dart slug (D:2)
  5 endoplasms (D:1)
  4 goblins (D:2)
  3 hobgoblins
  2 jackals (D:2)
  2 kobolds (D:2)
  A quokka (D:1)
  7 ball pythons
  4 bats
  3 frilled lizards
  4 rats
39 creatures vanquished.

Notes
Turn   | Place    | Note
-------+----------+-------------------------------------------
     0 | D:1      | SnakkuSnakku7 the Octopode Arcane Marksman began the quest
                  | for the Orb.
     0 | D:1      | Reached XP level 1. HP: 13/13 MP: 2/2
   143 | D:1      | Reached XP level 2. HP: 18/18 MP: 3/3
   291 | D:1      | Reached skill level 3 in Slings
   326 | D:1      | Found a faded altar of an unknown god.
   711 | D:2      | Reached XP level 3. HP: 19/23 MP: 4/4
   753 | D:2      | Found Dyad Qei's Jewellery Shoppe.
  1562 | D:3      | Found a glowing drain.
  1572 | D:3      | Reached skill level 4 in Slings
  1696 | D:3      | Reached XP level 4. HP: 23/28 MP: 5/5
  1721 | Sewer    | Entered a sewer
  1732 | Sewer    | Frozen to death by an endoplasm

Illustrated notes

Levels and vault maps discovered:
D:1:      lemuel_arrival_behind_the_door_large, layout_basic,
          basic_ecumenical_altar
D:2:      layout_basic, serial_shops, shop, minmay_tromino_v7
D:3:      layout_basic, portal_sewer_entry_b
Sewer:    sewer_fruit_machine

Skill      XL: |  1  2  3 |
---------------+----------+-----
Slings         | 3 4 |  4.1
Fighting       | |  1.0
Dodging        | |  2.0
Spellcasting   | |  1.0
Hexes          | |  3.0

Action                   |  1- 3 |  4- 6 || total
-------------------------+-------+-------++-------
Melee: Dagger            |     4 |       ||     4
       Tentacles         |     1 |       ||     1
 Fire: Hunting sling     |   114 |     7 ||   121
Armor: Skin              |     1 |       ||     1
Dodge: Dodged            |    20 |    16 ||    36
